 Dungeon Sprint DCSS version 0.23.0-38-g208d714 (webtiles) character file.

Game seed: 1346784505922279591

6348 Fang the Fighter (level 10, -1/75 HPs)
             Began as a Gargoyle Berserker on Feb 27, 2019.
             Was the Champion of Trog.
             Shot with an arrow by a deep elf archer (17 damage)
             ... in the Dungeon (Sprint V: "Ziggurat Sprint").
             The game lasted 00:01:58 (788 turns).

Fang the Fighter (Gargoyle Berserker)                Turns: 788, Time: 00:01:59

Health: -1/75      AC: 40    Str: 39    XL:     10   Next: 96%
Magic:  3/3        EV: 14    Int: 10    God:    Trog [******]
Gold:   0          SH:  0    Dex:  9    Spells: 9/9 levels left

rFire    . . .     SeeInvis .   H - +3 executioner's axe (antimagic)
rCold    . . .     Gourm    .   (shield currently unavailable)
rNeg     + . .     Faith    .   j - +15 Maxwell's patent armour {-Cast -Tele rElec MR+ rCorr}
rPois    ∞         Spirit   .   A - +0 helmet of the Apprentice {Str+2 Int+3}
rElec    +         Reflect  .   (no cloak)
rCorr    +         Harm     .   (no gloves)
MR       +....     NoTele   +   (no boots) Stlth ..........NoCast +
                                (no amulet)
HPRegen  0.22/turn              D - +6 ring of strength
MPRegen  0.08/turn              E - +6 ring of strength

@: slowed, very slow
A: negative energy resistance 1, electricity resistance, unbreathing,
petrification resistance, rot immunity, AC +7
a: Berserk, Trog's Hand, Brothers in Arms, Renounce Religion


You were in the Dungeon.
You worshipped Trog.
Trog was exalted by your worship.
You were not hungry.

You visited 1 branch

Inventory:

Hand Weapons
 k - a +5 executioner's axe
 H - a +3 antimagic executioner's axe (weapon)
Armour
 j - the +15 Maxwell's patent armour (worn) {-Cast -Tele rElec MR+ rCorr}
   (You found it in the Dungeon)

   It insulates you from electricity.
   It affects your resistance to hostile enchantments.
   It prevents spellcasting.
   It prevents most forms of teleportation.
   It provides partial protection from all sources of acid and corrosion.
 A - the +0 helmet of the Apprentice (worn) {Str+2 Int+3}
   (You found it in the Dungeon)

   It affects your strength (+2).
   It affects your intelligence (+3).
 F - a +2 plate armour of fire resistance
Jewellery
 z - an uncursed ring of positive energy
 B - a +6 ring of intelligence
 D - a +6 ring of strength (left hand)
 E - a +6 ring of strength (right hand)
 I - an uncursed ring of protection from magic
Wands
 w - a wand of disintegration (7)
 x - a wand of iceblast (7)
 y - a wand of acid (7)
Scrolls
 i - 4 scrolls of blinking
 l - 7 scrolls of fog
 m - a scroll of holy word
 n - 5 scrolls of identify
 o - 4 scrolls of remove curse
 p - 2 scrolls of fear
 G - 8 scrolls of enchant weapon
Potions
 a - a potion of degeneration {unknown}
 d - 10 potions of curing
 e - 10 potions of heal wounds
 f - 6 potions of haste
 g - 7 potions of magic
 h - 3 potions of berserk rage
 q - 2 potions of brilliance
 r - 2 potions of invisibility
 s - 4 potions of resistance
 t - a potion of experience
 u - 5 potions of agility
 v - 5 potions of might
Miscellaneous
 C - a phial of floods
Comestibles
 b - 4 chunks of flesh
 c - 7 rations


   Skills:
 + Level 14.0 Fighting
 + Level 12.1 Axes
 + Level 13.8 Armour
 + Level 11.0 Dodging


You had 9 spell levels left.
You didn't know any spells.
Your spell library was empty.

Dungeon Overview and Level Annotations

Branches:
Dungeon (1/1)

Altars:
Ashenzari
Cheibriados
Dithmenos
Elyvilon
Fedhas
Gozag
Hepliaklqana
Kikubaaqudgha
Makhleb
Nemelex Xobeh
Okawaru
Qazlal
Ru
Sif Muna
Trog
Uskayaw
Vehumet
Wu Jian
Xom
Yredelemnul
Zin
The Shining One
Beogh
Jiyva
Lugonu

Annotations:
D 1 transporter


Innate Abilities, Weirdness & Mutations

You are resistant to torment.
Your stone body is resilient. (AC +7)
You are immune to poison.
You resist negative energy. (rN+)
You are resistant to electric shocks. (rElec)
You can survive without breathing.
You are immune to petrification.
You are immune to rotting.


Message History

Something appears at your feet! Trog grants you a weapon!
Trog appreciates your killing of a magic user.
Your Fighting skill increases to level 14!
Your Dodging skill increases to level 11!
The deep elf archer shoots an arrow.
The arrow closely misses you.
The deep elf archer shoots an arrow.
The arrow barely misses you.
The deep elf archer shoots an arrow.
The arrow hits you.
* * * LOW HITPOINT WARNING * * *
Items here: ( )) [ † the +7 flail "Jelly's Nightmare" {drain, MP+9 Str-3 SInv} a +2 shortbow of velocity; 22 arrows; a +0 leather armour; an elf corpse The deep elf archer shoots an arrow.
The arrow completely misses you.
The deep elf archer shoots an arrow.
The arrow hits you.
* * * LOW HITPOINT WARNING * * *
You see here an arrow.
You are no longer corroded.
The deep elf archer blinks!
The deep elf archer shoots an arrow.
The arrow hits you!
You die...

▓..)....▓
▓.))....▓
▓..))...▓
▓.▓...▓.▓
▓...©...▓
▓▓▓▓▓▓▓▓▓
▓..8©8..▓
▓..:?}.§▓
▓..))).@▓
▓......(▓
▓e....).▓
▓.....)(▓
▓.....)(▓
▓.......▓
▓...©(.(▓
▓▓▓▓▓▓▓▓▓


You could see a deep elf archer.

Vanquished Creatures
  2 deep elf demonologists (D)
  A dancing weapon (D)
  A deep elf knight (D)
  A deep elf archer (D)
  4 ugly things (D)
  5 deep elf magi (D)
  An air elemental (D)
  Sigmund (D)
  4 fire elementals (D)
  Duvessa (D)
  A porcupine (D)
  Blork the orc (D)
  An earth elemental (D)
  Dowan (D)
  Crazy Yiuf (D)
  Jessica (D)
  2 jackals (D)
29 creatures vanquished.

Notes
Turn   | Place    | Note
-------+----------+-------------------------------------------
     0 | D        | Found the +6 Majin-Bo {vamp, Archmagi MP+6 Int+6}
     0 | D        | Found the +7 great mace "Firestarter" {inner flame, rF++}
     0 | D        | Fang the Gargoyle Berserker began the quest for the Orb.
     0 | D        | Reached XP level 1. HP: 14/14 MP: 1/1
     3 | D        | Found a blossoming altar of Fedhas.
     4 | D        | Found a viscous altar of Jiyva.
     4 | D        | Found a hazy altar of Hepliaklqana.
     4 | D        | Found a transporter.
     4 | D        | Found an opulent altar of Gozag.
     4 | D        | Found an ancient bone altar of Kikubaaqudgha.
     4 | D        | Found a corrupted altar of Lugonu.
    17 | D        | Found a burning altar of Makhleb.
    18 | D        | Found an iron altar of Okawaru.
    18 | D        | Found a sparkling altar of Nemelex Xobeh.
    18 | D        | Found a stormy altar of Qazlal.
    18 | D        | Found a sacrificial altar of Ru.
    18 | D        | Found a deep blue altar of Sif Muna.
    22 | D        | Found the +9 heavy crossbow "Sniper" {velocity, Acc+∞ SInv}
    22 | D        | Found the +10 dark maul {crush}
    22 | D        | Found the +15 Maxwell's patent armour {-Cast -Tele rElec
                  | MR+ rCorr}
    22 | D        | Found the +18 shield of the Gong {rElec rN+ MR+ EV-5}
    22 | D        | Found the cursed +14 obsidian axe {chop, +Fly SInv *Curse}
    27 | D        | Found a bloodstained altar of Trog.
    73 | D        | Entered arena 2.
    73 | D        | Noticed Sigmund
    73 | D        | Noticed Jessica
    73 | D        | Found a transporter.
    77 | D        | Killed Sigmund
    77 | D        | Reached skill level 6 in Fighting
    77 | D        | Reached skill level 5 in Axes
    77 | D        | Reached skill level 5 in Armour
    77 | D        | Reached XP level 2. HP: 19/23 MP: 2/2
    77 | D        | Reached XP level 3. HP: 24/28 MP: 3/3
    77 | D        | Reached XP level 4. HP: 27/32 MP: 4/4
    77 | D        | Reached XP level 5. HP: 31/37 MP: 5/5
    79 | D        | Killed Jessica
    79 | D        | Reached ** piety under Trog
   198 | D        | Entered arena 3.
   198 | D        | Noticed a porcupine
   198 | D        | Found a transporter.
   203 | D        | Killed a porcupine
   203 | D        | Reached skill level 7 in Fighting
   203 | D        | Reached skill level 5 in Dodging
   203 | D        | Reached XP level 6. HP: 30/44 MP: 6/6
   215 | D        | Got the cursed +0 helmet of the Apprentice {Str+2 Int+3}
   297 | D        | Entered arena 4.
   297 | D        | Noticed a red ugly thing
   297 | D        | Noticed a cyan ugly thing
   297 | D        | Noticed a cyan ugly thing
   297 | D        | Noticed a brown ugly thing
   297 | D        | Found a transporter.
   302 | D        | Killed a cyan ugly thing
   302 | D        | Reached *** piety under Trog
   302 | D        | Reached skill level 9 in Fighting
   302 | D        | Reached XP level 7. HP: 51/51 MP: 7/7
   305 | D        | Killed a brown ugly thing
   305 | D        | Reached skill level 10 in Fighting
   305 | D        | Reached skill level 10 in Armour
   305 | D        | Reached XP level 8. HP: 57/57 MP: 8/8
   305 | D        | Killed a purple ugly thing
   308 | D        | Killed a cyan ugly thing
   308 | D        | Reached **** piety under Trog
   308 | D        | Reached skill level 11 in Fighting
   308 | D        | Reached XP level 9. HP: 64/64 MP: 9/9
   361 | D        | Entered arena 5.
   361 | D        | Noticed Blork the orc
   361 | D        | Noticed Crazy Yiuf
   361 | D        | Noticed Dowan
   361 | D        | Noticed Duvessa
   361 | D        | Found a transporter.
   364 | D        | Killed Duvessa
   367 | D        | Killed Dowan
   368 | D        | Killed Crazy Yiuf
   374 | D        | Killed Blork the orc
   374 | D        | Reached ***** piety under Trog
   430 | D        | Entered arena 6.
   430 | D        | Noticed a +6 vampiric long sword
   430 | D        | Noticed a deep elf mage
   430 | D        | Noticed a deep elf mage
   430 | D        | Found a transporter.
   436 | D        | Killed a deep elf mage
   436 | D        | Reached skill level 12 in Fighting
   436 | D        | Reached skill level 10 in Axes
   439 | D        | Killed a +6 vampiric long sword
   439 | D        | Received a gift from Trog
   441 | D        | Reached XP level 10. HP: 47/72 MP: 10/10
   443 | D        | Killed a deep elf mage
   443 | D        | Reached skill level 10 in Dodging
   608 | D        | Entered arena 7.
   608 | D        | Noticed a deep elf mage
   608 | D        | Noticed a deep elf mage
   608 | D        | Noticed a deep elf knight
   608 | D        | Noticed a deep elf demonologist
   608 | D        | Noticed a deep elf mage
   609 | D        | Found a transporter.
   612 | D        | Noticed a smoke demon
   612 | D        | Killed a deep elf knight
   612 | D        | Reached skill level 13 in Fighting
   615 | D        | Killed a deep elf mage
   615 | D        | Received a gift from Trog
   616 | D        | Noticed a smoke demon
   616 | D        | Noticed a sixfirhy
   616 | D        | Killed a deep elf demonologist
   617 | D        | Killed a deep elf mage
   625 | D        | Killed a deep elf mage
   625 | D        | Received a gift from Trog
   770 | D        | Entered arena 8.
   770 | D        | Noticed a deep elf demonologist
   770 | D        | Noticed a deep elf archer
   770 | D        | Noticed a deep elf archer
   771 | D        | Noticed a soul eater
   771 | D        | Identified the +7 flail "Jelly's Nightmare" {drain, MP+9
                  | Str-3 SInv}
   771 | D        | Found a transporter.
   772 | D        | Noticed a soul eater
   774 | D        | Noticed a shadow demon
   777 | D        | Noticed a rust devil
   780 | D        | Killed a deep elf demonologist
   780 | D        | Reached ****** piety under Trog
   784 | D        | Killed a deep elf archer
   784 | D        | Received a gift from Trog
   784 | D        | Reached skill level 14 in Fighting
   788 | D        | Shot with an arrow by a deep elf archer

Skill      XL: |  1  2  3  4  5  6  7  8  9 10 |
---------------+-------------------------------+-----
Fighting       | 6 7 9 10 11 12 14 | 14.0
Axes           | 5 6 7 8 9 10 12 | 12.1
Armour         | 5 7 9 10 11 12 13 | 13.8
Dodging        | 4 5 6 7 8 9 11 | 11.0

Action                   |  1- 3 |  4- 6 |  7- 9 | 10-12 || total
-------------------------+-------+-------+-------+-------++-------
Melee: Executioner's axe |     2 |    10 |    27 |    24 ||    63
Invok: Berserk           |     1 |     1 |       |     1 ||     3
  Use: Scroll            |       |     1 |       |       ||     1
  Eat: Chunk             |       |       |       |     2 ||     2
Armor: Plate armour      |     2 |    12 |    51 |    30 ||    95
Dodge: Dodged            |     1 |     4 |    15 |    30 ||    50
